 Dungeon Crawl Stone Soup version 0.17.0-26-gececa24 (console) character file.

527 wobbegong the Gusty (level 7, -9/37 HPs)
             Began as a Tengu Air Elementalist on Nov 19, 2015.
             Mangled by a scorpion (12 damage)
             ... on level 5 of the Dungeon.
             The game lasted 00:18:05 (3960 turns).

wobbegong the Gusty (Tengu Air Elementalist)        Turns: 3960, Time: 00:18:07

Health: -9/37      AC:  9    Str:  9    XL:     7   Next: 23%
Magic:  6/14       EV: 12    Int: 17    God:
Gold:   192        SH:  0    Dex: 14    Spells: 3 memorised, 6 levels left

rFire  . . .     SeeInvis .     u - +3 quarterstaff (chaos)
rCold  . . .     Clarity  .     D - +3 leather armour
rNeg   . . .     SustAt   .     (shield currently unavailable)
rPois  .         Gourm    .     (helmet restricted)
rElec  .         Spirit   .     t - +2 cloak
rCorr  .         Warding  .     (no gloves)
rMut   .         Stasis   .     (boots unavailable)
MR     .....                    (no amulet)
Stlth  +++.......               (no ring)
                                H - ring of stealth

@: lethally poisoned (-9 -> -32), not resistant to hostile enchantments, fairly
stealthy
A: beak, talons 3, able to fly 1
a: Fly


You were on level 5 of the Dungeon.
You were not hungry.

You visited 1 branch of the dungeon, and saw 5 of its levels.

You collected 237 gold pieces.
You spent 45 gold pieces at shops.

Inventory:

Hand Weapons
 u - a +3 quarterstaff of chaos (weapon)
 w - a +0 mace
 E - a +0 blowgun
 N - a +0 hand crossbow
Missiles
 p - 39 bolts
 F - a poisoned needle
 L - 7 bolts of flame
Armour
 a - a +0 robe
 i - a +0 buckler
 t - a +2 cloak (worn)
 D - a +3 leather armour (worn)
Jewellery
 H - a ring of stealth (left hand)
Wands
 r - a wand of polymorph (14)
 I - a wand of frost (12)
Scrolls
 d - 2 scrolls of magic mapping {unknown}
 e - 2 scrolls of remove curse
 g - 2 scrolls of enchant weapon {unknown}
 k - 2 scrolls of recharging {unknown}
 l - a scroll of noise {unknown}
 m - a scroll of amnesia {unknown}
 o - 2 scrolls of teleportation
 x - 4 scrolls of identify {unknown}
 y - a scroll of random uselessness {unknown}
 A - 2 scrolls of fear {unknown}
 K - a scroll of silence {unknown}
Potions
 h - a potion of degeneration {unknown}
 j - a potion of magic {unknown}
 n - a potion of heal wounds {unknown}
 q - 2 potions of haste {unknown}
 s - a potion of lignification {unknown}
 z - a potion of cure mutation {unknown}
 C - a potion of berserk rage {unknown}
 G - a potion of curing {unknown}
 J - a potion of cancellation {unknown}
 M - a potion of mutation {unknown}
 O - a potion of flight {unknown}
Books
 b - a book of Air

   Spells                             Type                      Level
   a - Shock                          Conjuration/Air              1
   b - Swiftness                      Charms/Air                   2
   c - Repel Missiles                 Charms/Air                   2
   d - Static Discharge               Conjuration/Air              3
   e - Lightning Bolt                 Conjuration/Air              5
 v - a Grand Grimoire

   Spells                             Type                      Level
   a - Monstrous Menagerie            Summoning                    6
   b - Summon Greater Demon           Summoning                    7
   c - Malign Gateway                 Summoning/Translocation      7
   d - Summon Horrible Things         Summoning                    8
Comestibles
 c - 4 bread rations
 f - a slice of pizza
 B - a meat ration
 P - a beef jerky


   Skills:
 + Level 0.8 Fighting
 + Level 2.3 Dodging
 - Level 2.0 Stealth
 * Level 4.0 Spellcasting
 * Level 5.6 Conjurations
 * Level 7.0 Air Magic


You had 6 spell levels left.
You knew the following spells:

 Your Spells              Type           Power        Failure   Level  Hunger
a - Shock                 Conj/Air       ###.         1%          1    None
b - Swiftness             Chrm/Air       ###.....     10%         2    ##.....
c - Lightning Bolt        Conj/Air       ###.......   54%         5    ######.


Dungeon Overview and Level Annotations

Branches:
Dungeon (5/15)
 Temple: D:4-7

Altars:
Kikubaaqudgha

Shops:
D:5 ?

Annotations:
D:2 1 exclusion, Jessica, Sigmund


Innate Abilities, Weirdness & Mutations

You have a beak for a mouth.
You have claws for feet.
You can fly.


Message History

Casting: Shock
Confirm with . or Enter, or press ? or * to list all spells.
Aiming: Shock
Press: ? - help, Shift-Dir - straight line, f/p - scorpion
Aim: a scorpion (moderately wounded)
The zap misses the scorpion.
You feel sick. The scorpion barely misses you.
You sock the scorpion!
The scorpion goes berserk!
You claw the scorpion, but do no damage.
You peck the scorpion, but do no damage.
The scorpion is severely wounded.
You feel sick. The scorpion barely misses you. The scorpion stings you.
You are more poisoned.
The scorpion poisons you!
You hit the scorpion. You freeze the scorpion. Your peck misses the scorpion.
The scorpion is almost dead.
You feel very sick. The scorpion stings you!
* * * LOW HITPOINT WARNING * * *
The scorpion stings you!
You die...

##
#..##..###.#########.......
#
#.####.###.............####
# #.# #.##..........##.##
#######.##
#..#.########..#.##
.........# ##...# ##....###
.........####..###
###....##
.........##......# ###...#
............####.# ###..<..
.........#### #@#
#######...#.#. .........#
#s# #.......###.#.
..<.>....# #)# #########
#... .........# ≈)≈ ##..
.........# .). #..
.........# ..%.. #..
########## %%... ###
.%....≈


You could see a scorpion (berserk).

Vanquished Creatures
  2 scorpions
  A crimson imp (D:5)
  An orc priest (D:3)
  A giant frog zombie (D:5)
  A hound (D:4)
  A jelly (D:5)
  Crazy Yiuf (D:2)
  An orc wizard (D:3)
  A gnoll shaman (D:5)
  A hound skeleton (D:4)
  3 gnolls (D:5)
  6 adders
  An ooze (D:1)
  An adder zombie (D:4)
  4 giant geckos
  15 orcs
  12 bats
  2 goblins
  9 hobgoblins
  A jackal (D:1)
  2 quokkas (D:4)
  5 giant cockroaches
  7 giant newts
  7 kobolds
  7 rats
93 creatures vanquished.

Notes
Turn   | Place    | Note
--------------------------------------------------------------
     0 | D:1      | wobbegong the Tengu Air Elementalist began the quest for the Orb.
     0 | D:1      | Reached XP level 1. HP: 10/10 MP: 4/4
   241 | D:1      | Reached XP level 2. HP: 15/15 MP: 4/6
   245 | D:1      | Learned a level 2 spell: Swiftness
  1147 | D:2      | Noticed Crazy Yiuf
  1159 | D:2      | Killed Crazy Yiuf
  1159 | D:2      | Reached XP level 3. HP: 19/19 MP: 2/7
  1332 | D:2      | Reached skill level 5 in Air Magic
  1458 | D:2      | Reached XP level 4. HP: 24/24 MP: 3/9
  1690 | D:2      | Noticed Sigmund
  1690 | D:2      | Noticed Jessica
  2401 | D:3      | Gained mutation: You can fly. [Tengu growth]
  2401 | D:3      | Reached XP level 5. HP: 28/28 MP: 7/10
  2479 | D:3      | Learned a level 5 spell: Lightning Bolt
  2830 | D:3      | Reached skill level 6 in Air Magic
  2990 | D:4      | Reached XP level 6. HP: 26/32 MP: 6/12
  3107 | D:4      | Found an ancient bone altar of Kikubaaqudgha.
  3507 | D:5      | Entered Level 5 of the Dungeon
  3606 | D:5      | Reached skill level 5 in Conjurations
  3624 | D:5      | Found Nofi's Magic Scroll Emporium.
  3641 | D:5      | Bought a scroll of teleportation for 45 gold pieces
  3706 | D:5      | Reached XP level 7. HP: 33/37 MP: 6/13
  3953 | D:5      | Reached skill level 7 in Air Magic
  3960 | D:5      | Mangled by a scorpion

Action                   |  1- 3 |  4- 6 |  7- 9 || total
-------------------------+-------+-------+-------++-------
Melee: Unarmed           |    21 |       |       ||    21
       Quarterstaff      |     5 |    86 |    10 ||   101
 Cast: Shock             |    41 |    61 |    17 ||   119
  Use: Scroll            |     1 |       |       ||     1
 Stab: Sleeping          |     2 |     9 |       ||    11
  Eat: Chunk             |     2 |     7 |     1 ||    10
